 Dungeon Crawl Stone Soup version 0.32-a0-516-g94ed278cf8 (webtiles) character file.

Game seed: 9271368786085085420

32362 riceblast the Fighter (level 13, -6/89 HPs)
             Began as an Octopode Wanderer on Feb 27, 2024.
             Was a High Priest of Hepliaklqana.
             Mangled by a white ugly thing (24 damage)
             ... in an ice cave.
             The game lasted 00:31:22 (16234 turns).

riceblast the Fighter (Octopode Wanderer)          Turns: 16234, Time: 00:31:23

Health: -6/89      AC:  3    Str:  8    XL:     13   Next: 64%
Magic:  18/25      EV: 23    Int: 23    God:    Hepliaklqana [*****.]
Gold:   1235       SH:  7    Dex: 17    Spells: 4/16 levels left

rFire   + + +        v - +1 long sword (freeze)
rCold   . . .        b - +2 buckler
rNeg    . . .        d - +2 hat
rPois   .            (no amulet)
rElec   .            l - ring of protection from fire
rCorr   .            n - ring of Loaroux {Fly rF+}
SInv    .            U - ring of protection from fire
Will    .....        W - +5 ring of evasion
Stlth   +++          X - +6 ring of intelligence
HPRegen 0.34/turn    g - ring of magical power
MPRegen 0.19/turn    (no ring)
                     (no ring)

%: no passive effects
@: flying
A: reduced essence, almost no armour, amphibious, 8 rings, camouflage 1,
gelatinous body 1, (nimble swimmer 1), tentacles
a: Renounce Religion, Recall Ancestor, Ancestor Identity, Transference, Idealise


You were in an ice cave.
You worshipped Hepliaklqana.
Hepliaklqana was extremely pleased with you.
You visited 3 branches of the dungeon, and saw 15 of its levels.
You also visited: Sewer, Bailey and Ice Cave.

You collected 1543 gold pieces.
You spent 308 gold pieces at shops.

Inventory:

Hand Weapons
 o - the +8 whip "Snakebite" {venom, curare, rPois}
   (You found it on level 2 of the Lair of Beasts)

   rPois:     It protects you from poison
 v - a +1 long sword of freezing (weapon)
 F - a +1 short sword of electrocution
 J - a +0 scimitar
 T - the +3 great sword of Inconvenience {flame, Int+3}
   (You took it off a kobold brigand in a bailey)

   Int+3:     It affects your intelligence (+3).
Missiles
 S - 25 curare-tipped darts (quivered)
Armour
 b - a +2 buckler (worn)
 d - a +2 hat (worn)
Magical Staves
 q - a staff of air
 R - a staff of cold
Jewellery
 g - a ring of magical power (on tentacle)
 i - a ring of fire
 l - a ring of protection from fire (left tentacle)
 n - the ring of Loaroux (right tentacle) {Fly rF+}
   (You found it on level 3 of the Dungeon)

   [ring of flight]

   rF+:       It protects you from fire.
   Fly:       It grants you flight.
 U - a ring of protection from fire (on tentacle)
 W - a +5 ring of evasion (on tentacle)
 X - a +6 ring of intelligence (on tentacle)
Wands
 h - a wand of iceblast (1) {@v2}
 y - a wand of digging (8) {@v3}
 C - a wand of polymorph (29)
 Q - a wand of flame (7)
Scrolls
 a - a scroll of acquirement
 e - 4 scrolls of immolation
 j - 3 scrolls of fog
 k - 7 scrolls of teleportation {@r3}
 s - 3 scrolls of vulnerability
 w - a scroll of enchant weapon
 x - a scroll of summoning
 D - a scroll of noise
 H - a scroll of brand weapon {unknown}
 I - a scroll of amnesia
 M - 3 scrolls of fear
 P - 2 scrolls of poison
 V - 3 scrolls of enchant armour
Potions
 c - a potion of mutation
 f - 5 potions of attraction
 m - 2 potions of might {@q3}
 p - 5 potions of curing {@q1}
 r - 2 potions of cancellation
 t - 3 potions of enlightenment {unknown}
 A - 2 potions of lignification {unknown}
 B - a potion of degeneration {unknown}
 K - a potion of berserk rage
 L - a potion of heal wounds {unknown}
 N - a potion of resistance {@q5}
 O - 2 potions of brilliance
 Z - a potion of invisibility {unknown}


   Skills:
 * Level 13.3 Fighting
 + Level 12.7 Long Blades
 - Level 1.0 Throwing
 + Level 10.3 Dodging
 - Level 2.0 Stealth
 - Level 4.0 Shields
 - Level 2.0 Spellcasting
 - Level 3.0 Conjurations
 - Level 1.0 Fire Magic
 - Level 3.0 Air Magic
 - Level 4.0 Alchemy
 - Level 5.0 Invocations
 - Level 6.0 Evocations


You had 4 spell levels left.
You knew the following spells:

 Your Spells              Type           Power      Damage    Failure   Level
a - Foxfire               Conj/Fire      44%        2x1d6     9%          1
b - Mephitic Cloud        Conj/Alch/Air  17%        N/A       14%         3
c - Mercury Vapours       Alch/Air       36%        N/A       7%          2
d - Call Canine Familiar  Summ           2%         N/A       50%         3
e - Passwall              Erth           2%         N/A       50%         3

Your spell library contained the following spells:

 Spells                   Type           Power      Damage    Failure   Level
 Shock                    Conj/Air       64%        1d7       5%          1
 Swiftness                Air            16%        N/A       17%         3
 Sandblast                Erth           4%         2d4       19%         1
 Scorch                   Fire           12%        2d5       19%         2
 Ensorcelled Hibernation  Hex/Ice        4%         N/A       28%         2
 Stone Arrow              Conj/Erth      18%        3d8       30%         3
 Sigil of Binding         Hex            2%         N/A       50%         3
 Airstrike                Air            8%         2d(2-18)  50%         4
 Flame Wave               Conj/Fire      11%        2d6       63%         4
 Brom's Barrelling Bould  Conj/Erth      9%         2d3       71%         4
 Dimensional Bullseye     Hex/Tloc       1%         N/A       88%         4
 Iskenderun's Battlesphe  Conj           16%        2d7       83%         5
 Freezing Cloud           Conj/Ice/Air   5%         6-21      93%         5
 Bombard                  Conj/Erth      4%         9d2       100%        6
 Summon Cactus Giant      Summ           1%         N/A       100%        6
 Spellforged Servitor     Conj/Summ      4%         N/A       100%        7
 Lehudib's Crystal Spear  Conj/Erth      4%         10d3      100%        8
 Animate Armour           Summ/Erth      Unusable   N/A       N/A         4

Dungeon Overview and Level Annotations

Branches:
Dungeon (11/15) Zot: 25475  Temple (1/1) D:5 Zot: 5933    Lair (3/5) D:9 Zot: 15355
  Swamp (0/4) Lair:2       Spider (0/4) Lair:3          Orc (0/2) D:9
  Sewer (visited)          Bailey (visited)           IceCv (1/1) Zot: 5989

Altars:
Ashenzari
Cheibriados
Dithmenos
Elyvilon
Fedhas
Gozag
Hepliaklqana
Kikubaaqudgha
Makhleb
Nemelex Xobeh
Okawaru
Qazlal
Ru
Sif Muna
Trog
Uskayaw
Vehumet
Wu Jian
Xom
Yredelemnul
Zin
The Shining One
Beogh

Shops:
D:8 !

Annotations:
D:5 1 runed translucent door, exclusion: two-headed ogre, YordlordTheGreat's ghost, novice HuCA
D:9 3 runed translucent doors, Kiciri's ghost, novice MDFi


Innate Abilities, Weirdness & Mutations

Your life essence is reduced to manifest your ancestor. (-10% HP)
You cannot wear most types of armour.
You are amphibious.
You can wear up to eight rings at the same time.
Your skin changes colour to match your surroundings (Stealth+).
Your rubbery body absorbs attacks. (AC +1, EV +1)
((You are camouflaged when in or above water. (Stealth+)))
You have tentacles for arms and can constrict up to eight enemies at once.


Message History

The wolf simulacrum barely misses Xocletwe.
The white ugly thing barely misses Xocletwe.
Xocletwe hits the white ugly thing with a +0 quarterstaff!
You hit the death yak simulacrum.
The wolf simulacrum bites Xocletwe.
The wolf simulacrum freezes Xocletwe.
Xocletwe resists.
The death yak simulacrum completely misses you.
The white ugly thing gores Xocletwe.
The white ugly thing freezes Xocletwe!
Xocletwe resists.
You hit the death yak simulacrum. You squeeze the death yak simulacrum.
The wolf simulacrum bites Xocletwe.
The wolf simulacrum freezes Xocletwe.
Xocletwe resists.
Xocletwe gestures at the wolf simulacrum while chanting.
The stone arrow hits the wolf simulacrum!!
The wolf simulacrum vaporises!
The death yak simulacrum gores you. The death yak simulacrum freezes you!!
* * * LOW HITPOINT WARNING * * *
The white ugly thing gores Xocletwe!
The white ugly thing freezes Xocletwe!
Xocletwe resists.
Xocletwe is destroyed!
You hit the death yak simulacrum.
You squeeze the death yak simulacrum, but do no damage.
Unknown command.
You slash the death yak simulacrum!
The death yak simulacrum barely misses you.
You slash the death yak simulacrum!
You squeeze the death yak simulacrum, but do no damage.
The death yak simulacrum gores you!
* * * LOW HITPOINT WARNING * * *
The death yak simulacrum freezes you!!
* * * LOW HITPOINT WARNING * * *
Okay, then.
Okay, then.
You slash the death yak simulacrum!
The death yak simulacrum vaporises!
The white ugly thing gores you.
* * * LOW HITPOINT WARNING * * *
The white ugly thing freezes you!!
You die...
Hepliaklqana delivers you to your ancestors.

#######
##..∩..##
#...@...#
#...☼u....#
#...........#
#...........#
#...........#
#.............#
#....ß...ß....#
#......!......#


You could see a white ugly thing.

Vanquished Creatures
  A centaur warrior (D:11)
  A death yak (Lair:2)
  Nergalle (D:11)
  An orc knight (Bailey)
  A manticore (D:10)
  2 black mambas
  An elephant (Lair:2)
  6 cane toads
  4 komodo dragons
  A kobold demonologist (D:10)
  3 trolls (D:11)
  A hornet (D:10)
  Grinder (D:4)
  Prince Ribbit (D:7)
  2 blink frogs (Lair:1)
  A spriggan (D:6)
  A wyvern (D:7)
  35 yaks
  A basilisk (Lair:2)
  5 humans (D:8)
  A death yak simulacrum (IceCv)
  4 water moccasins
  3 orc warriors
  Duvessa (D:7)
  2 black bears
  An ice beast (D:7)
  A crocodile (Sewer)
  3 wolves (Lair:1)
  4 centaurs
  2 phantoms
  6 kobold brigands
  7 bullfrogs
  A brain worm (Sewer)
  3 scorpions
  11 wights
  3 killer bees (D:11)
  2 howler monkeys (D:7)
  A bombardier beetle (D:5)
  A jelly (D:2)
  2 orc priests
  4 hounds
  A gnoll bouda (D:9)
  2 sleepcaps
  Jessica (D:3)
  Ijyb (D:8)
  A battlemage (D:10)
  An iguana (D:4)
  2 orc wizards
  A wolf simulacrum (IceCv)
  7 gnolls
  8 adders
  A shadow imp (D:6)
  An ufetubus (D:7)
  4 dart slugs
  2 ribbon worms
  25 orcs
  5 endoplasms
  4 giant cockroaches
  5 goblins
  15 hobgoblins
  2 jackals (D:8)
  A quokka (D:1)
  10 ball pythons
  11 bats
  5 frilled lizards
  18 kobolds
  11 rats
278 creatures vanquished.

Vanquished Creatures (collateral kills)
  A two-headed ogre (D:11)
  A death yak (Lair:2)
  A bog body (Lair:2)
  A manticore (D:11)
  2 elephants (Lair:2)
  A black mamba (Lair:2)
  A torpor snail (Lair:2)
  3 cane toads
  5 komodo dragons
  A rime drake (Lair:2)
  A kobold demonologist (D:11)
  2 blink frogs (Lair:1)
  Sigmund (D:4)
  A shadow (D:10)
  A wyvern (Lair:1)
  A human (D:8)
  32 yaks
  A basilisk (Lair:2)
  5 water moccasins
  An acid dragon (D:11)
  4 orc warriors
  A wolf (Lair:1)
  4 kobold brigands
  2 bullfrogs
  A gnoll sergeant (D:9)
  A cane toad simulacrum (IceCv)
  3 wights
  Dowan (D:7)
  2 killer bees (D:11)
  2 orc priests (D:9)
  A gnoll bouda (D:8)
  A hound (D:8)
  3 orc wizards
  A wolf simulacrum (IceCv)
  4 gnolls (D:9)
  18 orcs
  6 kobolds
118 creatures vanquished.

Vanquished Creatures (others)
  5 battlemagi
  An adder (D:4)
  5 ancestors
  247 foxfires
258 creatures vanquished.

Grand Total: 654 creatures vanquished

Notes
Turn   | Place    | Note
-------+----------+-------------------------------------------
     0 | D:1      | riceblast the Octopode Wanderer began the quest for the
                  | Orb.
     0 | D:1      | riceblast set off with the following items: a +0 dagger, a
                  | +0 buckler, a potion of mutation, a +2 hat; and the
                  | following spell memorised: Foxfire; and the following
                  | spells available to memorise: Mephitic Cloud.
     0 | D:1      | Reached XP level 1. HP: 11/11 MP: 2/2
   107 | D:1      | Reached skill level 1 in Fighting
   107 | D:1      | Reached skill level 1 in Stealth
   107 | D:1      | Reached XP level 2. HP: 18/18 MP: 0/3
   505 | D:1      | Reached skill level 1 in Fire Magic
   508 | D:1      | Reached XP level 3. HP: 23/24 MP: 4/4
   587 | D:1      | Learned a level 3 spell: Mephitic Cloud
   642 | D:2      | Reached skill level 2 in Fighting
  1018 | D:2      | Reached skill level 3 in Fighting
  1018 | D:2      | Reached XP level 4. HP: 31/31 MP: 0/5
  1084 | D:2      | You fall into a shaft and drop 2 floors!
  1186 | D:3      | Identified the ring of Loaroux {Fly rF+}
  1647 | D:3      | Noticed Jessica
  1654 | D:3      | Killed Jessica
  1655 | D:3      | Reached skill level 1 in Air Magic
  1655 | D:3      | Reached skill level 1 in Alchemy
  1655 | D:3      | Reached XP level 5. HP: 36/36 MP: 5/7
  2653 | D:4      | Noticed Sigmund
  2702 | D:4      | Noticed Grinder
  2883 | D:4      | Learned a level 2 spell: Mercury Vapours
  3280 | D:5      | Entered Level 5 of the Dungeon
  3280 | D:5      | Found a glowing drain.
  3318 | Sewer    | Entered a sewer
  3401 | Sewer    | Reached XP level 6. HP: 36/42 MP: 2/9
  3879 | D:5      | Found a staircase to the Ecumenical Temple.
  3893 | Temple   | Entered the Ecumenical Temple
  3926 | Temple   | Became a worshipper of Hepliaklqana the Forgotten
  3996 | D:5      | Reached XP level 7. HP: 47/47 MP: 3/10
  4058 | D:5      | Found a runed translucent door.
  4339 | D:5      | Reached skill level 4 in Fighting
  4346 | D:5      | Noticed a two-headed ogre
  4464 | D:5      | Noticed YordlordTheGreat's ghost (novice HuCA)
  4662 | D:6      | Reached skill level 1 in Long Blades
  4941 | D:6      | Reached XP level 8. HP: 54/54 MP: 4/11
  5056 | D:6      | an orc warrior changed into a spriggan
  5056 | D:6      | Noticed a spriggan
  5061 | D:6      | Killed a spriggan
  5231 | D:6      | Reached * piety under Hepliaklqana
  5400 | D:6      | Reached skill level 5 in Fighting
  5971 | D:4      | Killed Grinder
  5972 | D:4      | Reached skill level 5 in Long Blades
  6059 | D:4      | Killed Sigmund
  6060 | D:4      | Reached XP level 9. HP: 46/55 MP: 3/12
  6329 | D:7      | Reached skill level 6 in Fighting
  6500 | D:7      | Noticed Prince Ribbit
  6571 | D:6      | Learned a level 3 spell: Call Canine Familiar
  7108 | D:7      | Noticed Dowan
  7240 | D:7      | Noticed Duvessa
  7248 | D:7      | Killed Dowan
  7258 | D:7      | Killed Duvessa
  7262 | D:7      | Killed Prince Ribbit
  7440 | D:7      | Reached skill level 5 in Dodging
  7649 | D:7      | Reached skill level 7 in Fighting
  7833 | D:7      | Reached XP level 10. HP: 63/63 MP: 13/13
  7856 | D:7      | Found a hide-covered altar of Uskayaw.
  8181 | D:8      | Found Xeaschat's Distillery.
  8181 | D:8      | Reached ** piety under Hepliaklqana
  8182 | D:8      | Remembered your ancestor Xocletwe as a battlemage
  8188 | D:8      | Bought a potion of berserk rage for 70 gold pieces
  8188 | D:8      | Bought a potion of curing for 42 gold pieces
  8188 | D:8      | Bought a potion of resistance for 140 gold pieces
  8188 | D:8      | Bought a potion of brilliance for 56 gold pieces
  8289 | D:8      | Noticed Ijyb
  8323 | D:8      | Killed Ijyb
  8326 | D:8      | Reached skill level 8 in Fighting
  8422 | D:8      | Found an ornate altar of the Wu Jian Council.
  8438 | D:8      | Found a flagged portal.
  8457 | Bailey   | Entered a bailey
  8499 | Bailey   | Identified the +1 chain mail "Isugol" {rElec Dex+2}
  8590 | Bailey   | Noticed an orc knight
  8601 | Bailey   | Identified the +3 great sword of Inconvenience {flame,
                  | Int+3}
  8603 | Bailey   | Killed an orc knight
  8604 | Bailey   | Reached skill level 10 in Long Blades
  8611 | Bailey   | Reached XP level 11. HP: 70/70 MP: 2/14
  8622 | Bailey   | Found a bloodstained altar of Trog.
  9418 | D:8      | Learned a level 3 spell: Passwall
  9442 | D:9      | Found a roughly hewn altar of Beogh.
  9442 | D:9      | Found a staircase to the Orcish Mines.
  9683 | D:9      | Reached skill level 9 in Fighting
 10173 | D:9      | Found a runed translucent gate.
 10174 | D:9      | Found a runed translucent gate.
 10174 | D:9      | Noticed Kiciri's ghost (novice MDFi)
 10182 | D:9      | Found a runed translucent gate.
 10333 | D:9      | Found a staircase to the Lair.
 10376 | D:9      | Reached *** piety under Hepliaklqana
 10509 | D:9      | Reached skill level 10 in Fighting
 10742 | D:10     | Entered Level 10 of the Dungeon
 11075 | D:10     | Noticed a manticore
 11104 | D:10     | Reached skill level 1 in Invocations
 11430 | D:10     | Paralysed by a hornet for 3 turns
 11924 | D:10     | Killed a manticore
 11925 | D:10     | Reached XP level 12. HP: 64/80 MP: 7/15
 12174 | D:11     | Noticed a two-headed ogre
 12182 | D:11     | Killed a two-headed ogre
 12424 | D:11     | Reached skill level 11 in Fighting
 12482 | D:11     | Noticed a centaur warrior
 12493 | D:11     | Killed a centaur warrior
 12521 | D:11     | Noticed Nergalle
 12677 | D:11     | Reached **** piety under Hepliaklqana
 12984 | D:11     | Killed Nergalle
 13435 | Lair:1   | Entered Level 1 of the Lair of Beasts
 13437 | Lair:1   | Reached skill level 5 in Invocations
 13878 | Lair:1   | Found a broken altar of Ashenzari.
 14141 | Lair:1   | Reached skill level 12 in Fighting
 14415 | Lair:1   | Reached skill level 5 in Evocations
 14415 | Lair:1   | Reached XP level 13. HP: 87/87 MP: 16/16
 15022 | Lair:2   | Found the +8 whip "Snakebite" {venom, curare, rPois}
 15086 | Lair:2   | Found a staircase to the Swamp.
 15239 | Lair:2   | Found an ancient bone altar of Kikubaaqudgha.
 15571 | Lair:2   | Reached skill level 10 in Dodging
 15584 | Lair:2   | Reached skill level 13 in Fighting
 16167 | Lair:3   | Identified a scroll of acquirement
 16168 | Lair:3   | Reached ***** piety under Hepliaklqana
 16197 | Lair:3   | Found a frozen archway.
 16223 | IceCv    | Entered an ice cave
 16234 | IceCv    | Mangled by a white ugly thing

Illustrated notes

Levels and vault maps discovered:
D:1:      orjb1_lava_funnel, layout_rooms
D:2:      layout_basic
D:3:      layout_loops_ring, solitary_fountain, uniq_jessica
D:4:      layout_basic, grunt_decor_mini_mirrors, grunt_tough_drop,
          uniq_grinder, uniq_sigmund
D:5:      cheibrodos_two_vegetables, layout_cave_pools,
          minmay_temple_entry_drinking_statues, ebering_ghost_sewer_d,
          cheibrodos_sewer_entry_drain
D:6:      layout_gridville
D:7:      layout_basic, minmay_ruined_shrine, uniq_prince_ribbit1, uniq_duvessa
D:8:      erik_cavepeople, layout_loops_ring, nzn_wu_jian_contemplation,
          enter_bailey_2, serial_shops, nicolae_shop_statue_plus
D:9:      layout_loops_corners, lair_entry_dummy, david_orc_5,
          gammafunk_ghost_split
D:10:     layout_roguey
D:11:     layout_gridville, uniq_nergalle
Temple:   minmay_crystal_snake_temple
Lair:1:   layout_misc_corridors, basic_altar, infiniplex_staircase_pool
Lair:2:   minmay_guarded_unrand_snakebite, layout_layer_cave,
          skrybe_swamp_entry_bodies, basic_altar, st_stairs_7
Lair:3:   layout_regular_city, spider_nest_entry_webs,
          portal_ice_cave_entry_pillars_1, lemuel_fruit_tree, uniq_rupert
IceCv:    ice_cave_statue_garden_transporter

Skill      XL: |  1  2  3  4  5  6  7  8  9 10 11 12 13 |
---------------+----------------------------------------+-----
Fighting       | 1 3 4 5 7 8 10 12 13 | 13.3
Stealth        | 1 2 |  2.0
Fire Magic     | 1 |  1.0
Air Magic      | 1 2 3 |  3.0
Alchemy        | 1 3 4 |  4.0
Spellcasting   | 2 |  2.0
Dodging        | 4 5 7 8 9 10 | 10.3
Long Blades    | 2 5 8 10 11 12 | 12.7
Shields        | 2 4 |  4.0
Invocations    | 2 5 |  5.0
Evocations     | 2 5 6 |  6.0
Throwing       | |  1.0
Conjurations   | |  3.0

Action                     |  1- 3 |  4- 6 |  7- 9 | 10-12 | 13-15 || total
---------------------------+-------+-------+-------+-------+-------++-------
  Melee: Dagger            |    54 |    14 |       |       |       ||    68
         Constrict         |    20 |    26 |    24 |    50 |    10 ||   130
         Tentacles         |    12 |    17 |    28 |    86 |    31 ||   174
         Staff             |       |    51 |     1 |       |       ||    52
         Falchion          |       |       |    15 |       |       ||    15
         Long sword        |       |       |    90 |   284 |   104 ||   478
  Throw: Dart              |       |       |       |     4 |     6 ||    10
   Cast: Foxfire           |    24 |    54 |    65 |       |       ||   143
         Mephitic Cloud    |       |       |     3 |    34 |    10 ||    47
         Mercury Vapours   |       |       |     6 |       |       ||     6
 Invoke: Recall Ancestor   |       |       |     5 |     5 |     2 ||    12
         Ancestor Life: Ba |       |       |       |     1 |       ||     1
  Evoke: Wand              |       |       |     4 |     7 |     4 ||    15
    Use: Scroll            |       |     2 |     8 |     3 |     3 ||    16
         Potion            |       |     1 |     1 |       |       ||     2
   Stab: Sleeping          |     2 |    12 |     2 |     3 |     1 ||    20
         Distracted        |       |       |     1 |     2 |       ||     3
         Confused          |       |       |       |    21 |     2 ||    23
 Armour: Skin              |    15 |    25 |    54 |    73 |    16 ||   183
  Dodge: Dodged            |    27 |    29 |    65 |   168 |    54 ||   343
         Repelled          |     1 |     2 |     2 |     1 |       ||     6
  Block: Buckler           |    13 |     9 |    33 |    54 |    21 ||   130

Table legend: (Time is in decaauts)
 A = Elapsed time spent in this place.
 B = Non-inter-level travel time spent in this place.
 C = Inter-level travel time spent in this place.
 D = Time resting spent in this place.
 E = Time spent auto-exploring this place.
 F = Levels seen in this place.
 G = Mean time per level.
                   A        B        C        D        E       F      G
               +--------+--------+--------+--------+--------+-----+--------+
         Total |  16275 |  15457 |    818 |   3121 |   9279 |  18 |  904.2 |
       Dungeon |  12885 |  12189 |    696 |   2493 |   7271 |  11 | 1171.4 |
        Temple |     66 |      2 |     64 |      0 |      0 |   1 |   66.0 |
          Lair |   2644 |   2586 |     58 |    291 |   1854 |   3 |  881.3 |
         Sewer |    337 |    337 |      0 |    216 |     49 |   1 |  337.0 |
        Bailey |    331 |    331 |      0 |    120 |    105 |   1 |  331.0 |
      Ice Cave |     10 |     10 |      0 |      0 |      0 |   1 |   10.0 |
               +--------+--------+--------+--------+--------+-----+--------+

Top non-repeatable levels by time:
     D:6: 1713 daAuts
     D:7: 1659 daAuts
     D:9: 1500 daAuts
  Lair:2: 1495 daAuts
    D:10: 1478 daAuts
     D:4: 1234 daAuts
    D:11: 1174 daAuts
  Lair:1: 1092 daAuts
     D:3: 996 daAuts
     D:8: 908 daAuts
     D:5: 851 daAuts
     D:2: 778 daAuts
     D:1: 590 daAuts
   Sewer: 337 daAuts
  Bailey: 331 daAuts
